 Dungeon Crawl Stone Soup version 0.23-a0-641-g0a7f1ce553 (webtiles) character file.

618 HereIgoKillingAgain the Insei (level 7, -2/48 HPs)
             Began as a Demonspawn Transmuter on Dec 30, 2018.
             Was a Follower of Qazlal.
             Killed from afar by an orc wizard (7 damage)
             ... with a magic dart
             ... on level 5 of the Dungeon.
             The game lasted 00:08:17 (6757 turns).

HereIgoKillingAgain the Insei (DsTm)                Turns: 6757, Time: 00:08:18

Health: -2/48      AC:  3    Str: 11    XL:     7   Next: 21%
Magic:  10/10      EV: 12    Int: 21    God:    Qazlal [*.....]
Gold:   246        SH:  6    Dex: 13    Spells: 7/10 levels left

rFire    + . .     SeeInvis .     - Unarmed
rCold    . . .     Gourm    .   (no shield)
rNeg     . . .     Faith    .   b - +0 robe
rPois    .         Spirit   .   (no helmet)
rElec    .         Reflect  .   k - +0 cloak
rCorr    .         Harm     .   (no gloves)
MR       .....                  (no boots)
Stlth    +.........             (no amulet)
HPRegen  0.16/turn              (no ring)
MPRegen  0.12/turn              (no ring)

@: brilliant, lethally poisoned (-2 -> -12), flying, slowed, very slow
A: claws 1, large bone plates 1, demonic guardian 2, fire resistance 1
a: Renounce Religion


You were on level 5 of the Dungeon.
You worshipped Qazlal.
Qazlal was aware of your devotion.
You were not hungry.

You visited 1 branch of the dungeon, and saw 5 of its levels.

You collected 246 gold pieces.

Inventory:

Missiles
 a - 24 arrows
Armour
 b - a +0 robe (worn)
 k - a +0 cloak (worn)
Scrolls
 c - 2 scrolls of remove curse
 d - a scroll of fear {unknown}
 f - 4 scrolls of amnesia {unknown}
 g - a scroll of enchant weapon {unknown}
 i - a scroll of enchant armour {unknown}
 j - a scroll of teleportation {unknown}
 l - a scroll of random uselessness {unknown}
Potions
 h - a potion of degeneration
 m - a potion of magic
 n - 2 potions of agility
 q - a potion of cancellation {unknown}
 s - a potion of might {unknown}


   Skills:
 - Level 1.0 Fighting
 - Level 1.7 Dodging
 * Level 6.9 Unarmed Combat
 - Level 2.0 Spellcasting
 + Level 3.6 Transmutations


You had 7 spell levels left.
You knew the following spells:

 Your Spells              Type           Power        Failure   Level  Hunger
a - Sticks to Snakes      Tmut           ####....     1%          2    ##.....
b - Beastly Appendage     Tmut           ####..       1%          1    #......

Your spell library contained the following spells:

 Spells                   Type           Power        Failure   Level  Hunger
 Spider Form              Tmut/Pois      ###.......   2%          3    ###....
 Ice Form                 Ice/Tmut       ###.....     8%          4    #####..
 Blade Hands              Tmut           ####......   11%         5    ######.


Dungeon Overview and Level Annotations

Branches:
Dungeon (5/15)
 Temple: D:4-7

Altars:
Makhleb
Nemelex Xobeh
Qazlal
Trog
The Shining One


Innate Abilities, Weirdness & Mutations

You have sharp fingernails.
You are partially covered in large bone plates. (SH +4)
A demonic guardian rushes to your aid.
Your flesh is heat resistant. (rF+)


Message History

Press: ? - help, v - describe, . - travel
Here: an orc wizard, wielding a +0 dagger and wearing a +0 robe (sparse dust, The floor.
It was a potion of brilliance.
You feel clever all of a sudden.
* * * LOW HITPOINT WARNING * * *
You feel sick.
The orc wizard gestures at you while chanting.
The magic dart hits you!
* * * LOW HITPOINT WARNING * * *
The orc wizard mumbles some strange words.
The orc wizard blinks!
It was a potion of flight.
You feel very buoyant.
You fly up into the air.
* * * LOW HITPOINT WARNING * * *
You feel sick.
The orc wizard points at you and mumbles some strange words.
The magic dart hits you!
You die...

... #.# #.# ..#
#.####.# #.# ..
#.....## #.# # #..###.#
#.# # #... #.## #$##
####.# #..# #..# ..
..##.# ##.## #))###....
.....# ###..###§[.o..#
#....####.......@.#####
#............##.§##
....#........###.#
#####.......## #..# #
##.##...## ##.# #
#..####.# .# ####.##
#.# .. .##..# #.# ...
....## .. ..


You could see an orc wizard.

Vanquished Creatures
  An ogre (D:4)
  A scorpion (D:4)
  A crimson imp (D:5)
  2 orc priests (D:4)
  2 worker ants
  An iguana (D:4)
  2 orc wizards
  6 adders
  2 river rats (D:3)
  2 oozes (D:3)
  3 worms
  3 dart slugs
  3 leopard geckos
  9 orcs
  7 giant cockroaches
  7 goblins
  9 hobgoblins
  9 jackals
  11 kobolds
  3 quokkas
  3 ball pythons (D:3)
  8 bats
  3 frilled lizards
  8 rats
106 creatures vanquished.

Vanquished Creatures (collateral kills)
  An ogre (D:4)
  An orc wizard (D:4)
  An iguana (D:4)
  Natasha (twice) (D:3)
  An adder (D:4)
  6 orcs (D:4)
  2 frilled lizards (D:3)
  A quokka skeleton (D:4)
  2 rats (D:3)
17 creatures vanquished.

Grand Total: 123 creatures vanquished

Notes
Turn   | Place    | Note
-------+----------+-------------------------------------------
     0 | D:1      | HereIgoKillingAgain the Demonspawn Transmuter began the
                  | quest for the Orb.
     0 | D:1      | Reached XP level 1. HP: 15/15 MP: 3/3
    46 | D:1      | Reached skill level 3 in Unarmed Combat
   214 | D:1      | Gained mutation: You are partially covered in large bone
                  | plates. (SH +4) [demonic ancestry]
   214 | D:1      | Reached XP level 2. HP: 21/21 MP: 3/5
   709 | D:1      | Gained mutation: You have sharp fingernails. [demonic
                  | ancestry]
   709 | D:1      | Reached XP level 3. HP: 22/26 MP: 6/6
   791 | D:1      | Reached skill level 4 in Unarmed Combat
  1555 | D:2      | Gained mutation: A weak demonic guardian rushes to your
                  | aid. [demonic ancestry]
  1555 | D:2      | Reached XP level 4. HP: 20/32 MP: 7/7
  2000 | D:2      | Found a faded altar of an unknown god.
  2607 | D:2      | Found a sparkling altar of Nemelex Xobeh.
  2608 | D:2      | Found a glowing golden altar of the Shining One.
  2609 | D:2      | Found a burning altar of Makhleb.
  2613 | D:2      | Found a bloodstained altar of Trog.
  2983 | D:3      | Reached skill level 5 in Unarmed Combat
  3002 | D:3      | Learned a level 2 spell: Sticks to Snakes
  3596 | D:3      | Noticed Natasha
  3610 | D:3      | Killed Natasha
  3610 | D:3      | Reached XP level 5. HP: 2/37 MP: 8/8
  3929 | D:3      | Found a stormy altar of Qazlal.
  3935 | D:3      | Noticed a fire elemental
  3939 | D:3      | Noticed a water elemental
  3981 | D:3      | Noticed an air elemental
  3986 | D:3      | Became a worshipper of Qazlal Stormbringer
  4308 | D:3      | Noticed Natasha
  4399 | D:3      | Killed Natasha
  5419 | D:4      | Noticed an ogre
  5427 | D:4      | Gained mutation: A demonic guardian rushes to your aid.
                  | [demonic ancestry]
  5427 | D:4      | Reached XP level 6. HP: 32/43 MP: 3/9
  5440 | D:4      | Reached skill level 6 in Unarmed Combat
  5596 | D:4      | Reached * piety under Qazlal
  6287 | D:4      | Gained mutation: Your flesh is heat resistant. (rF+)
                  | [demonic ancestry]
  6287 | D:4      | Reached XP level 7. HP: 41/48 MP: 6/10
  6452 | D:5      | Entered Level 5 of the Dungeon
  6757 | D:5      | Killed from afar by an orc wizard

Vault maps used:
D:1:      nzn_arrival_depleted_hourglass, minmay_3d_cube
D:2:      minitemple, chequers_ecumenical_altar_lobes, grunt_ministairs_9
D:3:      portal_sewer_entry_e, moated_statue, nicolae_qazlal_style_of_elements,
          uniq_natasha
D:5:      first_ration, xom_teletrap_fun

Skill      XL: |  1  2  3  4  5  6 |
---------------+-------------------+-----
Unarmed Combat | 3 4 5 6 |  6.9
Transmutations | 2 3 |  3.6
Fighting       | |  1.0
Dodging        | |  1.7
Spellcasting   | |  2.0

Action                   |  1- 3 |  4- 6 |  7- 9 || total
-------------------------+-------+-------+-------++-------
Melee: Unarmed           |   124 |   250 |    31 ||   405
       Punch             |     2 |     3 |     1 ||     6
       Kick              |     6 |     1 |       ||     7
       Headbutt          |     2 |     5 |       ||     7
 Cast: Beastly Appendage |    18 |    11 |       ||    29
       Sticks to Snakes  |       |    29 |     4 ||    33
  Use: Scroll            |       |     5 |       ||     5
       Potion            |       |     1 |     3 ||     4
 Stab: Sleeping          |     2 |     1 |       ||     3
       Distracted        |       |       |     1 ||     1
  Eat: Chunk             |     2 |     6 |       ||     8
       Ration            |       |     3 |     1 ||     4
Armor: Robe              |    20 |    52 |     7 ||    79
Dodge: Dodged            |    87 |   140 |    13 ||   240
Block: Other             |    15 |    32 |     3 ||    50

Table legend:
 A = Non-vault XP
 B = Vault XP
 C = Vault XP percentage of total XP
 D = Non-vault monster count
 E = Vault monster count
 F = Vault count percentage of total count
                 A         B        C        D         E       F
            +---------+---------+-------+---------+---------+-------
      Total |     800 |      84 |   9.5 |     108 |      15 |  12.2
            +---------+---------+-------+---------+---------+-------
        D:1 |      55 |       5 |   8.3 |      29 |       4 |  12.1
        D:2 |      49 |      15 |  23.4 |      16 |       2 |  11.1
        D:3 |     110 |      64 |  36.8 |      33 |       9 |  21.4
        D:4 |     449 |       0 |   0.0 |      23 |       0 |   0.0
        D:5 |     137 |       0 |   0.0 |       7 |       0 |   0.0
            +---------+---------+-------+---------+---------+-------
